 Dungeon Crawl Stone Soup version 0.29.0-7-g18a832c13a (webtiles) character file.

Game seed: 14230976251245078201

197480 SnakkuSnakku7 the Severer (level 19, 0/136 HPs)
             Began as a Djinni Chaos Knight on Aug 31, 2022.
             Was a Plaything of Xom.
             Slain by a spriggan defender simulacrum (21 damage)
             ... in an ice cave.
             The game lasted 00:59:45 (31138 turns).

SnakkuSnakku7 the Severer (Djinni Chaos Knight)    Turns: 31138, Time: 00:59:49

Health: 0/136      AC: 41    Str: 24    XL:     19   Next: 10%
Gold:   500        EV:  7    Int: 17    God:    Xom [...*..] SH: 20 Dex: 11

rFire   + + .      SeeInvis +   a - +3 broad axe (elec)
rCold   + . .      Faith    .   W - +1 tower shield {rC+}
rNeg    . . .      Spirit   .   U - +5 plate armour {rC+}
rPois   ∞          Reflect  .   F - +2 hat
rElec   +          Harm     .   y - +2 cloak {Stlth+}
rCorr   .          Rampage  .   r - +2 pair of gloves
Will    +....      Clarity  +   (boots unavailable)
Stlth   ..........              C - amulet of regeneration
HPRegen 1.12/turn               t - +4 ring of protection
MPRegen 0.00/turn               j - +4 ring of slaying

@: flying, studying Long Blades
A: sickness immunity, fire resistance 2, cold vulnerability 1, float, innate
caster, HP casting, extra vitality 1, iridescent scales 3, large bone plates 1,
see invisible, clarity, clever 1, deterioration 1, electricity resistance,
strong 2, wild magic 3, evolution 1
}: 1/15 runes: serpentine
a: Renounce Religion


You were in an ice cave.
You worshipped Xom.
You were a favourite toy of Xom.
You visited 5 branches of the dungeon, and saw 28 of its levels.
You also visited: Sewer and Ice Cave.

You collected 2739 gold pieces.
You spent 2239 gold pieces at shops.

Inventory:

Hand Weapons
 a - a +3 broad axe of electrocution (weapon)
 b - the +8 whip "Snakebite" {venom, curare, rPois}
   (You found it on level 2 of the Lair of Beasts)

   It poisons the flesh of those it strikes.
   It occasionally inflicts asphyxiating poison on those it strikes, dealing
   poison damage and causing slowness.
   rPois:     It protects you from poison.
Missiles
 s - 2 throwing nets
 O - 3 curare-tipped darts (quivered)
Armour
 r - a +2 pair of gloves (worn)
 y - a +2 cloak of stealth (worn)
 F - a +2 hat (worn)
 U - a +5 plate armour of cold resistance (worn)
 W - a +1 tower shield of cold resistance (worn)
Jewellery
 e - the amulet of Elemental Vulnerability {rPois rF-- rC-- AC+8}
   (You found it on level 5 of the Dungeon)

   [amulet of nothing]

   AC:        It affects your AC (+8).
   rF:        It makes you very vulnerable to fire.
   rC:        It makes you very vulnerable to cold.
   rPois:     It protects you from poison.
 j - a +4 ring of slaying (right hand)
 t - a +4 ring of protection (left hand)
 B - a +4 ring of evasion
 C - an amulet of regeneration (around neck)
 L - a ring of see invisible
 N - the ring "Daily" {rElec rC+ Int+2}
   (You found it on level 10 of the Dungeon)

   [ring of protection from cold]

   Int:       It affects your intelligence (+2).
   rC:        It protects you from cold.
   rElec:     It insulates you from electricity.
Wands
 q - a wand of mindburst (8)
 x - a wand of roots (33)
 D - a wand of polymorph (15)
 E - a wand of paralysis (22)
 K - a wand of flame (22)
 Q - a wand of digging (7)
 S - a wand of quicksilver (2)
Scrolls
 d - 7 scrolls of immolation
 f - a scroll of summoning
 g - 6 scrolls of poison
 h - 6 scrolls of teleportation
 i - 3 scrolls of silence
 l - 4 scrolls of fear
 n - 4 scrolls of butterflies
 u - 3 scrolls of magic mapping
 J - 5 scrolls of vulnerability
 T - a scroll of brand weapon
Potions
 k - 18 potions of curing
 m - 5 potions of mutation
 o - a potion of invisibility
 p - 7 potions of berserk rage
 w - 5 potions of attraction
 z - 10 potions of might
 A - 4 potions of haste
 G - 7 potions of ambrosia
 H - 6 potions of brilliance
 I - a potion of cancellation
 M - 12 potions of heal wounds
 P - 2 potions of resistance
Miscellaneous
 c - a piece from Xom's chessboard (15/15)
 R - a lightning rod (4/4)


   Skills:
 + Level 12.3 Fighting
 - Level 17.6(18.0) Axes
 - Level 6.0(12.9) Maces & Flails
 - Level 4.0 Throwing
 - Level 15.0 Armour
 - Level 8.0 Dodging
 - Level 10.0 Shields
 - Level 10.0 Spellcasting
 - Level 3.7 Evocations


You couldn't memorise any spells.
You knew the following spells:

 Your Spells              Type           Power      Damage    Failure   Level
a - Sting                 Tmut/Pois      100%       1d8       22%         1
b - Ensorcelled Hibernat  Hex/Ice        100%       N/A       30%         2
c - Poisonous Vapours     Pois/Air       100%       N/A       30%         2
d - Animate Dead          Necr           69%        N/A       80%         4
e - Cause Fear            Hex            34%        N/A       80%         4
f - Alistair's Intoxicat  Tmut/Pois      46%        N/A       97%         5
g - Dispersal             Tloc           34%        N/A       100%        6
h - Storm Form            Tmut/Air       34%        N/A       100%        7
i - Dragon Form           Tmut           34%        N/A       100%        7
Your spell library was empty.


Dungeon Overview and Level Annotations

Branches:
Dungeon (15/15)            Temple (0/1) D:6            Lair (5/5) D:10
 Shoals (2/4) Lair:3        Snake (4/4) Lair:2        Slime (0/5) Lair:5
    Orc (2/2) D:10            Elf (0/3) Orc:2        Vaults (0/5) D:13
 Depths (0/4) D:15          Sewer (visited)           IceCv (1/1)

Altars:
Ashenzari
Cheibriados
Elyvilon
Fedhas
Gozag
Xom
Zin
Jiyva

Shops:
D:8 !   D:10 =   D:12 :   D:13 [   Orc:2 =*[(   Snake:1 ::=   Snake:3 *

Annotations:
D:14 Rupert
Lair:5 unlimited1921's ghost, journeyman DjFE
Shoals:2 Kirke


Innate Abilities, Weirdness & Mutations

You are immune to sickness and miasma.
You are immune to poison.
Your flesh is very heat resistant. (rF++)
You are vulnerable to cold. (rC-)
You float through the air rather than walking.
You learn spells naturally, not from books.
Your magical power is your life essence.
You have superior vitality. (+4 MHP)
You are completely covered in iridescent scales. (AC +6)
You are partially covered in large bone plates. (SH +4)
You have supernaturally acute eyesight. (SInv)
You possess an exceptional clarity of mind.
Your mind is acute. (Int +4, Str/Dex -1)
Your body sometimes deteriorates upon taking damage.
You are resistant to electric shocks. (rElec)
Your muscles are very strong. (Str +8, Int/Dex -2)
Your spells are much harder to cast, but much more powerful.
You have hidden genetic potential.


Message History

Press: ? - help, Shift-Dir - straight line, f/p - spriggan defender simulacrum
Aim: a spriggan defender simulacrum (heavily damaged, 46% to hit)
The puff of flame misses the spriggan defender simulacrum.
Unknown command.
Unknown command.
Aiming: Fastroot
Press: ? - help, Shift-Dir - straight line, f/p - spriggan defender simulacrum
Aim: a spriggan defender simulacrum (heavily damaged)
The roots erupt in riotous growth!
Roots grab the spriggan defender simulacrum. x2
The grasping roots constrict the spriggan defender simulacrum!
The grasping roots constrict the spriggan defender simulacrum.
The spriggan defender simulacrum escapes!
The spriggan defender simulacrum struggles to escape constriction.
Unknown command.
Unknown command.
Unknown command.
Aiming: Fastroot
Press: ? - help, Shift-Dir - straight line, f - spriggan defender simulacrum, p - spriggan defender simulacrum
Aim: a spriggan defender simulacrum (moderately damaged)
The roots erupt in riotous growth!
Roots grab the spriggan defender simulacrum.
The spriggan defender simulacrum is unaffected.
The grasping roots constrict the spriggan defender simulacrum! x2
The spriggan defender simulacrum escapes!
The spriggan defender simulacrum struggles to escape constriction. x2
Unknown command.
Unknown command.
You slash the spriggan defender simulacrum!
The spriggan defender simulacrum is severely damaged.
The grasping roots constrict the spriggan defender simulacrum!
The spriggan defender simulacrum vaporises!
The spriggan defender simulacrum hits you but does no damage.
You barely miss the spriggan defender simulacrum.
The spriggan defender simulacrum is severely damaged.
The spriggan defender simulacrum hits you!
* * * LOW HITPOINT WARNING * * *
The spriggan defender simulacrum freezes you!!
You resist.
You die...

.# .. ##Z #### #≈≈
. ##..######
≈≈###.
##....##..## .Z#..
#....○.....###....
#@Z.∩.Z...Z.#.....
#.......##....##..
##....#####..## .
##..## #### ####


You could see a spriggan defender simulacrum and a minotaur simulacrum.

Vanquished Creatures
  Agnes (Snake:1)
  Donald (Orc:2)
  5 nagarajas (Snake:4)
  A fenstrider witch (D:15)
  2 orc warlords
  A minotaur (Lair:5)
  Josephine (Orc:1)
  The ghost of Tollund the Frost Mage, a journeyman BaIE of Vehumet (Lair:3)
  An ettin (Orc:1)
  Erolcha (Orc:2)
  6 hydras
  The ghost of Kazon the Basher, a journeyman DgFi (Lair:1)
  3 boulder beetles
  2 merfolk avatars (Shoals:1)
  4 salamander tyrants (Snake:4)
  7 anacondas
  2 ogre magi (D:13)
  2 catoblepae
  A merfolk aquamancer (Shoals:1)
  14 naga warriors
  12 two-headed ogres
  5 centaur warriors
  2 tengu warriors (D:13)
  3 death yaks (Lair:4)
  11 naga sharpshooters
  4 orc high priests (Orc:2)
  8 shock serpents
  4 salamander mystics (Snake:4)
  Sonja (D:10)
  7 skeletal warriors
  A goliath frog (shapeshifter) (Shoals:1)
  The ghost of RascalDebosk the Trooper, a novice OgFi of Xom (D:6)
  5 sea snakes
  3 spriggan simulacra (IceCv)
  6 naga ritualists
  4 deep elf pyromancers
  7 mana vipers
  3 harpies (Shoals:1)
  8 orc knights
  A wolf spider (D:15)
  3 fauns (Shoals:2)
  5 orc sorcerers
  3 cyclopes
  6 ugly things
  8 manticores
  17 salamanders
  7 elephants
  5 merfolk sirens
  36 black mambas
  6 guardian serpents
  An eye of devastation (Snake:1)
  13 naga magi
  4 centaur skeletons (D:13)
  2 water nymphs
  A torpor snail (Lair:2)
  A gargoyle (D:12)
  17 cane toads
  Maggie (D:7)
  9 komodo dragons
  5 rime drakes
  An unseen horror (D:10)
  An unseen horror skeleton (D:6)
  An ice devil (IceCv)
  An anaconda simulacrum (IceCv)
  8 trolls
  2 polar bears
  3 wind drakes
  A meliai (Snake:3)
  18 slime creatures
  4 merfolk
  3 tyrant leeches (Lair:5)
  A hornet (D:10)
  A raiju (Lair:3)
  14 blink frogs
  5 dream sheep (Lair:4)
  5 water elementals (Shoals:1)
  6 wraiths
  2 vampires (D:10)
  50 yaks
  12 basilisks
  2 unseen horror simulacra (D:6)
  A golden eye (shapeshifter) (Lair:3)
  A hog (shapeshifter) (Lair:2)
  4 wyverns
  A steam dragon (D:5)
  16 vampire mosquitoes
  2 hogs (Shoals:2)
  A catoblepas simulacrum (Lair:3)
  57 nagas
  5 wargs
  An acid dragon (D:10)
  A hydra simulacrum (Lair:3)
  20 water moccasins
  46 orc warriors
  5 black bears
  4 ice beasts
  11 ogres
  7 centaurs
  5 boggarts
  13 wolves
  A phantom (D:5)
  3 kobold brigands (D:13)
  19 bullfrogs
  A gnoll sergeant (D:10)
  7 scorpions
  A necrophage (D:5)
  22 killer bees
  5 howler monkeys
  An electric eel (shapeshifter) (Lair:4)
  A rime drake simulacrum (Lair:3)
  7 electric eels
  A komodo dragon simulacrum (Lair:3)
  5 hounds
  3 jellies
  Crazy Yiuf (D:3)
  36 orc priests
  A wyvern simulacrum (Lair:3)
  A gnoll bouda (D:9)
  3 iguanas
  36 orc wizards
  7 hell rats (Lair:5)
  7 gnolls
  17 adders
  6 river rats (Sewer)
  2 white imps
  A howler monkey simulacrum (D:6)
  4 worms
  3 dart slugs
  91 orcs
  14 bats
  8 endoplasms
  5 giant cockroaches
  2 goblins (D:1)
  9 hobgoblins
  6 jackals
  7 quokkas
  8 ball pythons
  4 frilled lizards
  2 kobolds (D:4)
  3 rats
  A bush (Lair:5)
1007 creatures vanquished.

Vanquished Creatures (collateral kills)
  An ogre mage (D:15)
  A catoblepas (D:15)
  An orc high priest (Orc:1)
  2 naga warriors
  An orc knight (Orc:1)
  2 black mambas
  A naga mage (Snake:4)
  An efreet (D:14)
  A troll (Orc:1)
  A basilisk (Lair:3)
  3 nagas
  A black bear (D:5)
  3 orc warriors (Orc:1)
  2 ogres (D:15)
  2 orc priests
  2 orc wizards (Orc:1)
  A white imp (D:8)
  2 worms (Sewer)
  6 orcs
  A jackal (Sewer)
35 creatures vanquished.

Vanquished Creatures (others)
  6 dancing weapons
  An orc sorcerer (Orc:2)
  An orc warrior (Orc:1)
  An orc priest (Orc:2)
  2 orc wizards (Orc:1)
  An orc (Orc:1)
  49 fungi
  170 plants
231 creatures vanquished.

Grand Total: 1273 creatures vanquished

Notes
Turn   | Place    | Note
-------+----------+-------------------------------------------
     0 | D:1      | SnakkuSnakku7 the Djinni Chaos Knight began the quest for
                  | the Orb.
     0 | D:1      | Reached XP level 1. HP: 20/20 MP: 0/0
   265 | D:1      | XOM: silly message
   282 | D:1      | Reached XP level 2. HP: 25/25 MP: 0/0
   478 | D:1      | Reached XP level 3. HP: 30/30 MP: 0/0
   478 | D:1      | Learned a level 1 spell: Sting
   619 | D:1      | Found a faded altar of an unknown god.
   733 | D:1      | XOM: silly message
   769 | D:1      | XOM: silly message
  1306 | D:2      | Reached XP level 4. HP: 35/35 MP: 0/0
  1681 | D:3      | Found a white marble altar of Elyvilon.
  1995 | D:3      | XOM: confusion (+ monsters)
  2109 | D:3      | Reached skill level 1 in Throwing
  2109 | D:3      | Reached XP level 5. HP: 36/40 MP: 0/0
  2109 | D:3      | Learned a level 2 spell: Ensorcelled Hibernation
  2169 | D:3      | Found a runed translucent door.
  2170 | D:3      | Noticed Crazy Yiuf
  2184 | D:3      | Killed Crazy Yiuf
  2453 | D:4      | Noticed a bullfrog
  2457 | D:4      | Killed a bullfrog
  2458 | D:4      | Reached XP level 6. HP: 46/46 MP: 0/0
  2499 | D:4      | Found a broken altar of Ashenzari.
  2499 | D:4      | Found an opulent altar of Gozag.
  2508 | D:4      | Noticed a black bear
  2549 | D:4      | Killed a black bear
  2550 | D:4      | Reached XP level 7. HP: 32/50 MP: 0/0
  2550 | D:4      | Learned a level 2 spell: Poisonous Vapours
  2608 | D:4      | Found a blossoming altar of Fedhas.
  2608 | D:4      | XOM: 1-stop teleportation journey
  3172 | D:4      | XOM: enchant monster (bad)
  3175 | D:4      | Reached skill level 5 in Fighting
  3218 | D:4      | Noticed a wyvern
  3252 | D:4      | XOM: butterfly on damage
  3262 | D:4      | Killed a wyvern
  3267 | D:4      | XOM: 1-stop teleportation journey
  3428 | D:4      | XOM: confuse monster(s)
  3434 | D:4      | Reached XP level 8. HP: 61/61 MP: 0/0
  3762 | D:5      | Entered Level 5 of the Dungeon
  3804 | D:5      | Found the amulet of Elemental Vulnerability {rPois rF--
                  | rC-- AC+8}
  3804 | D:5      | Found a glowing drain.
  3841 | D:5      | XOM: divination: magic mapping
  3846 | D:5      | XOM: cloud trail
  3851 | Sewer    | XOM: noise
  3851 | Sewer    | Entered a sewer
  3977 | Sewer    | XOM: summons 3 friendly demons
  4096 | Sewer    | XOM: 4-stop teleportation journey
  4470 | D:5      | XOM: summons friendly white imp
  4481 | D:5      | Noticed a wraith
  4485 | D:5      | XOM: cleaving
  4491 | D:5      | Killed a wraith
  4548 | D:5      | Reached XP level 9. HP: 60/70 MP: 0/0
  4548 | D:5      | Learned a level 4 spell: Animate Dead
  4724 | D:5      | Reached skill level 5 in Dodging
  4884 | D:5      | XOM: 3-stop teleportation journey
  5302 | D:6      | XOM: god gift: +2 hat
  5469 | D:6      | Found a runed translucent gate.
  5676 | D:6      | Noticed RascalDebosk's ghost (novice OgFi)
  5701 | D:6      | Found a runed translucent gate.
  5702 | D:6      | Found a runed translucent gate.
  5778 | D:6      | Reached skill level 1 in Evocations
  5779 | D:6      | Found a staircase to the Ecumenical Temple.
  5821 | D:6      | XOM: destruction
  5889 | D:6      | XOM: cast spell 'Call Canine Familiar'
  5951 | D:6      | XOM: give mutations
  5951 | D:6      | Gained mutation: You have hidden genetic potential. [Xom's
                  | grace]
  5951 | D:6      | Gained mutation: Your spells are a little harder to cast,
                  | but a little more powerful. [Xom's grace]
  5951 | D:6      | Gained mutation: You are resistant to electric shocks.
                  | (rElec) [Xom's grace]
  6046 | D:6      | XOM: 5-stop teleportation journey
  6440 | D:7      | XOM: give mutations
  6440 | D:7      | Gained mutation: You have sharp fingernails. [Xom's grace]
  6440 | D:7      | Gained mutation: You expend health (3 HP) to strengthen
                  | your wands. [Xom's grace]
  6712 | D:6      | XOM: scenery: create altars
  6987 | D:7      | Noticed Maggie
  6990 | D:7      | XOM: give mutations
  6990 | D:7      | Gained mutation: Your mind is acute. (Int +4, Str/Dex -1)
                  | [Xom's grace]
  6990 | D:7      | Gained mutation: Your flesh is almost immune to the effects
                  | of heat. (rF+++) [Xom's grace]
  6996 | D:7      | Killed Maggie
  6997 | D:7      | Reached skill level 5 in Maces & Flails
  6997 | D:7      | Reached XP level 10. HP: 67/76 MP: 0/0
  7166 | D:8      | XOM: enchant monster (good)
  7273 | D:8      | XOM: give mutations
  7273 | D:8      | Gained mutation: You passively dampen the noise of your
                  | surroundings. [Xom's grace]
  7273 | D:8      | Gained mutation: Your muscles are strong. (Str +4, Int/Dex
                  | -1) [Xom's grace]
  7280 | D:8      | XOM: cleaving
  7306 | D:8      | Reached skill level 1 in Axes
  7306 | D:8      | XOM: god gift: wand of mindburst (7)
  7317 | D:8      | Reached skill level 2 in Axes
  7335 | D:8      | XOM: 1-stop teleportation journey
  7403 | D:8      | XOM: 2-stop teleportation journey
  7580 | D:8      | XOM: god gift: 44 gold pieces
  7632 | D:8      | XOM: god gift: scroll labelled BAODDE TACE {god gift}
  7849 | D:8      | XOM: smoke on damage
  7851 | D:8      | Reached skill level 3 in Axes
  8139 | D:8      | Found Soor's Distillery.
  8144 | D:8      | Bought a potion of curing for 48 gold pieces
  8144 | D:8      | Bought a potion of curing for 48 gold pieces
  8144 | D:8      | Bought a potion of curing for 48 gold pieces
  8157 | D:8      | XOM: divination: detect items
  8235 | D:8      | XOM: potion effect (brilliance)
  8384 | D:8      | Noticed a white ugly thing
  8388 | D:8      | XOM: confuse monster(s)
  8395 | D:8      | Killed a brown ugly thing
  8396 | D:8      | Reached skill level 4 in Axes
  8463 | D:9      | Noticed a two-headed ogre
  8558 | D:9      | Reached skill level 5 in Axes
  8716 | D:9      | XOM: cleaving
  8734 | D:9      | Reached skill level 6 in Axes
  8741 | D:9      | Reached XP level 11. HP: 68/81 MP: 0/0
  8741 | D:9      | Learned a level 4 spell: Cause Fear
  8812 | D:9      | Found a shimmering altar of Xom.
  9079 | D:9      | XOM: swap monsters
  9091 | D:9      | Killed a two-headed ogre
  9092 | D:9      | Reached skill level 7 in Axes
  9092 | D:9      | XOM: silly message
  9114 | D:9      | XOM: noise
  9116 | D:9      | XOM: enchant monster (bad)
  9500 | D:10     | Entered Level 10 of the Dungeon
  9500 | D:10     | Found Laah's Jewellery Emporium.
  9501 | D:10     | XOM: potion effect (curing)
  9505 | D:10     | XOM: potion effect (brilliance)
  9559 | D:9      | XOM: silly message
  9705 | D:10     | Found a staircase to the Lair.
  9707 | D:10     | Noticed a two-headed ogre
  9715 | D:10     | Reached skill level 8 in Axes
  9767 | D:9      | XOM: silly message
  9968 | D:10     | XOM: noise
  9971 | D:10     | XOM: enchant monster (good)
 10054 | D:10     | XOM: summons friendly white imp
 10060 | D:10     | Killed a two-headed ogre
 10100 | D:10     | Found a staircase to the Orcish Mines.
 10103 | D:10     | XOM: enchant monster (good)
 10110 | D:10     | Reached skill level 9 in Axes
 10130 | D:10     | Identified the ring "Daily" {rElec rC+ Int+2}
 10140 | D:10     | Noticed Sonja
 10143 | D:10     | Killed Sonja
 10181 | D:10     | Noticed a manticore
 10192 | D:10     | Noticed a sea snake
 10192 | D:10     | a manticore changed into a sea snake
 10192 | D:10     | XOM: polymorph manticore -> sea snake
 10196 | D:10     | XOM: fog
 10202 | D:10     | Killed a sea snake
 10287 | D:10     | XOM: divination: magic mapping
 10360 | D:10     | Reached skill level 10 in Axes
 10433 | D:10     | Reached XP level 12. HP: 80/86 MP: 0/0
 10816 | D:10     | XOM: scenery: create altars
 10900 | D:10     | Found the +8 Vampire's Tooth {vamp}
 10934 | Lair:1   | Entered Level 1 of the Lair of Beasts
 10939 | D:10     | XOM: cast spell 'Statue Form'
 10952 | Lair:1   | Gained mutation: You are partially covered in large bone
                  | plates. (SH +4) [hidden potential]
 10961 | Lair:1   | Reached skill level 11 in Axes
 11007 | Lair:1   | XOM: smoke on damage
 11038 | Lair:1   | Noticed a four-headed hydra
 11049 | Lair:1   | XOM: noise
 11051 | Lair:1   | Killed a five-headed hydra
 11057 | Lair:1   | XOM: god gift: ring of positive energy
 11296 | Lair:1   | Identified a scroll of acquirement
 11297 | Lair:1   | Acquired a manual of Armour
 11308 | Lair:1   | XOM: summons 7 hostile demons
 11313 | Lair:1   | XOM: potion effect (might)
 11327 | Lair:1   | Reached skill level 12 in Axes
 11440 | Lair:1   | XOM: silly message
 11480 | Lair:1   | XOM: cast spell 'Cause Fear'
 11496 | Lair:1   | XOM: potion effect (haste)
 11549 | Lair:1   | XOM: confusion (+ monsters)
 11924 | Lair:1   | XOM: god gift: 63 gold pieces
 12007 | Lair:1   | Found a runed translucent gate.
 12009 | Lair:1   | Noticed Kazon's ghost (journeyman DgFi)
 12010 | Lair:1   | Found a runed translucent gate.
 12011 | Lair:1   | Found a runed translucent gate.
 12459 | Lair:2   | Noticed an eight-headed hydra
 12648 | Lair:2   | XOM: silly message
 12658 | Lair:2   | Reached XP level 13. HP: 92/92 MP: 0/0
 12658 | Lair:2   | Learned a level 5 spell: Alistair's Intoxication
 12660 | Lair:2   | Reached skill level 13 in Axes
 12804 | Lair:2   | Found the +8 whip "Snakebite" {venom, curare, rPois}
 12835 | Lair:2   | XOM: polymorph water moccasin -> shapeshifter
 12839 | Lair:2   | XOM: swap monsters
 12845 | Lair:2   | XOM: potion effect (invisibility)
 12916 | Lair:2   | Gained mutation: Your movements are slightly less
                  | encumbered by armour. (ER -2) [hidden potential]
 12916 | Lair:2   | Lost mutation: You have hidden genetic potential. [hidden
                  | potential expressed]
 12917 | Lair:2   | Found a staircase to the Snake Pit.
 12917 | Lair:2   | XOM: cast spell 'Olgreb's Toxic Radiance'
 12997 | Lair:2   | XOM: summons 13 friendly demons
 13056 | Lair:2   | Noticed a seven-headed hydra
 13057 | Lair:2   | XOM: fog
 13061 | Lair:2   | XOM: scenery: summon butterflies
 13072 | Lair:2   | Killed a seven-headed hydra
 13149 | Lair:2   | You are sucked into a shaft and drop 2 floors!
 13243 | Lair:4   | XOM: give mutations
 13243 | Lair:4   | Gained mutation: You are partially covered in iridescent
                  | scales. (AC +2) [Xom's grace]
 13243 | Lair:4   | Gained mutation: You are robust. (+10% HP) [Xom's grace]
 13297 | Lair:4   | XOM: fog
 13302 | Lair:4   | Reached skill level 14 in Axes
 13316 | Lair:4   | XOM: polymorph blink frog -> black bear
 13426 | Lair:3   | XOM: cast spell 'Leda's Liquefaction'
 13631 | Lair:2   | Killed an eight-headed hydra
 13991 | Lair:3   | XOM: polymorph yak -> shapeshifter
 13996 | Lair:3   | XOM: enchant monster (good)
 14136 | Lair:3   | XOM: cleaving
 14143 | Lair:3   | XOM: summons 5 friendly demons
 14186 | Lair:3   | XOM: polymorph yak -> raiju
 14212 | Lair:3   | Found a runed translucent gate.
 14217 | Lair:3   | XOM: enchant monster (good)
 14219 | Lair:3   | XOM: noise
 14243 | Lair:3   | Noticed Tollund's ghost (journeyman BaIE)
 14278 | Lair:3   | XOM: enchant monster (good)
 14299 | Lair:3   | Noticed a catoblepas
 14307 | Lair:3   | Killed a catoblepas
 14312 | Lair:3   | Found a staircase to the Shoals.
 14369 | Lair:3   | Found a runed translucent gate.
 14369 | Lair:3   | Found a runed translucent gate.
 14503 | Lair:3   | XOM: give mutations
 14503 | Lair:3   | Gained mutation: You have a pair of small horns on your
                  | head. [Xom's grace]
 14503 | Lair:3   | Gained mutation: You have hidden genetic potential. [Xom's
                  | grace]
 14503 | Lair:3   | Gained mutation: You have a pair of horns on your head.
                  | [Xom's grace]
 14503 | Lair:3   | Gained mutation: Your mind is very acute. (Int +8, Str/Dex
                  | -2) [Xom's grace]
 14789 | Lair:4   | XOM: 3-stop teleportation journey
 14800 | Lair:4   | XOM: polymorph electric eel -> electric eel
 14802 | Lair:4   | XOM: polymorph electric eel -> electric eel
 14880 | Lair:4   | Noticed a four-headed hydra
 14880 | Lair:4   | XOM: scenery: create altars
 14890 | Lair:4   | Killed a four-headed hydra
 14891 | Lair:4   | Reached skill level 15 in Axes
 14904 | Lair:4   | XOM: fake destruction
 14970 | Lair:4   | XOM: enchant monster (good)
 15198 | Lair:4   | Reached XP level 14. HP: 107/107 MP: 0/0
 15200 | Lair:4   | XOM: cast spell 'Olgreb's Toxic Radiance'
 15288 | Lair:4   | XOM: cloud trail
 15624 | Lair:4   | XOM: silly message
 15721 | Lair:4   | XOM: potion effect (might)
 15725 | Lair:4   | Reached skill level 16 in Axes
 15749 | Lair:4   | XOM: silly message
 15874 | Lair:5   | Entered Level 5 of the Lair of Beasts
 15874 | Lair:5   | Found a staircase to the Slime Pits.
 15874 | Lair:5   | Found a viscous altar of Jiyva.
 15890 | Lair:5   | XOM: divination: detect items
 15979 | Lair:5   | XOM: silly message
 15983 | Lair:5   | XOM: noise
 16323 | Lair:5   | XOM: draining
 16462 | Lair:5   | XOM: blink monster(s)
 16494 | Lair:5   | Found a runed translucent gate.
 16495 | Lair:5   | Found a runed translucent gate.
 16496 | Lair:5   | Found a runed translucent gate.
 16499 | Lair:5   | Noticed a minotaur
 16503 | Lair:5   | Noticed unlimited1921's ghost (journeyman DjFE)
 16629 | Lair:5   | Gained mutation: Your spells are harder to cast, but more
                  | powerful. [hidden potential]
 16657 | Lair:5   | XOM: 2-stop teleportation journey
 16695 | Lair:5   | XOM: swap monsters
 17030 | Lair:5   | XOM: give mutation
 17030 | Lair:5   | Gained mutation: You have a somewhat thin skeletal
                  | structure. (Dex +2, Stealth+) [Xom's grace]
 17085 | Lair:5   | Reached skill level 17 in Axes
 17321 | Lair:5   | Identified the ring of Surprise {Wiz rPois rN+ rCorr MP+9}
 17377 | Lair:5   | XOM: give mutation
 17377 | Lair:5   | Lost mutation: Your movements are slightly less encumbered
                  | by armour. (ER -2) [Xom's mischief]
 17394 | Lair:5   | XOM: swap monsters
 17784 | Lair:5   | Killed a minotaur
 17966 | Lair:5   | Identified the +4 chain mail "Odghosehuer" {rElec Will++
                  | Int+3 Stlth-}
 18001 | Lair:5   | XOM: summons friendly white imp
 18165 | Lair:3   | XOM: give mutations
 18165 | Lair:3   | Lost mutation: You are partially covered in iridescent
                  | scales. (AC +2) [Xom's mischief]
 18165 | Lair:3   | Lost mutation: You are robust. (+10% HP) [Xom's mischief]
 18165 | Lair:3   | Lost mutation: Your mind is very acute. (Int +8, Str/Dex
                  | -2) [Xom's mischief]
 18265 | Lair:3   | Killed Tollund's ghost
 18340 | Lair:3   | XOM: give mutations
 18340 | Lair:3   | Gained mutation: You passively map a small area around you.
                  | [Xom's mischief]
 18340 | Lair:3   | Lost mutation: You have sharp fingernails. [Xom's mischief]
 18340 | Lair:3   | Lost mutation: You have a pair of horns on your head.
                  | [Xom's mischief]
 18340 | Lair:3   | Lost mutation: You expend health (3 HP) to strengthen your
                  | wands. [Xom's mischief]
 18408 | Lair:3   | XOM: god gift: potion of might
 18511 | Lair:1   | Killed Kazon's ghost
 18723 | D:6      | Reached XP level 15. HP: 95/103 MP: 0/0
 18723 | D:6      | Learned a level 6 spell: Dispersal
 18730 | D:6      | Killed RascalDebosk's ghost
 18870 | D:11     | XOM: enchant monster (bad)
 18872 | D:11     | XOM: cast spell 'Chain of Chaos'
 18873 | D:11     | XOM: summons 3 friendly demons
 18919 | D:11     | Reached skill level 5 in Armour
 19031 | D:11     | Found a glowing silver altar of Zin.
 19048 | D:11     | XOM: divination: magic mapping
 19067 | D:11     | XOM: give mutations
 19067 | D:11     | Gained mutation: You have great hidden genetic potential.
                  | [Xom's grace]
 19067 | D:11     | Gained mutation: Your spells are much harder to cast, but
                  | much more powerful. [Xom's grace]
 19077 | D:11     | XOM: noise
 19912 | D:12     | XOM: scenery: 2 doors close
 19981 | D:12     | XOM: fog
 20321 | D:12     | Found Hizeif's Book Shoppe.
 20485 | D:12     | XOM: destruction
 20488 | D:12     | Reached skill level 10 in Armour
 20491 | D:12     | XOM: cleaving
 20502 | D:12     | Gained mutation: You are partially covered in iridescent
                  | scales. (AC +2) [hidden potential]
 20502 | D:12     | Lost mutation: You have great hidden genetic potential.
                  | [hidden potential expressed]
 20560 | D:12     | Identified the +5 flail of the Peculiar Friars {holy,
                  | Str+4}
 20694 | Orc:1    | Entered Level 1 of the Orcish Mines
 20702 | Orc:1    | XOM: summons friendly ufetubus
 20754 | Orc:1    | XOM: god gift: book of Ice
 20831 | Orc:1    | XOM: scenery: summon butterflies
 20854 | Orc:1    | XOM: scenery: create altars
 20897 | Orc:1    | XOM: cast spell 'Discord'
 20915 | Orc:1    | Noticed an orc warlord
 20938 | Orc:1    | Killed an orc warlord
 20956 | Orc:1    | XOM: god gift: 55 gold pieces
 21013 | Orc:1    | Noticed Josephine
 21023 | Orc:1    | Killed Josephine
 21036 | Orc:1    | XOM: butterfly on damage
 21055 | Orc:1    | XOM: scenery: create altars
 21089 | Orc:1    | XOM: destruction
 21238 | Orc:1    | XOM: scenery: summon butterflies
 21273 | Orc:2    | Entered Level 2 of the Orcish Mines
 21319 | Orc:2    | Found a staircase to the Elven Halls.
 21354 | Orc:2    | Noticed Erolcha
 21355 | Orc:2    | XOM: 1-stop teleportation journey
 21381 | Orc:2    | XOM: scenery: create altars
 21424 | Orc:2    | XOM: smoke on damage
 21582 | Orc:2    | XOM: summons 5 hostile demons
 21594 | Orc:2    | XOM: destruction
 21652 | Orc:1    | XOM: give mutations
 21652 | Orc:1    | Lost mutation: You have a pair of small horns on your head.
                  | [Xom's mischief]
 21652 | Orc:1    | Lost mutation: You passively map a small area around you.
                  | [Xom's mischief]
 21652 | Orc:1    | Lost mutation: You passively dampen the noise of your
                  | surroundings. [Xom's mischief]
 21704 | Orc:2    | Noticed an orc warlord
 21733 | Orc:2    | Killed an orc warlord
 21884 | Orc:2    | Killed Erolcha
 21885 | Orc:2    | Reached XP level 16. HP: 99/110 MP: 0/0
 21888 | Orc:2    | XOM: draining
 21942 | Orc:2    | XOM: summons 1 hostile shadow creature
 21967 | Orc:2    | XOM: swap monsters
 21978 | Orc:2    | Noticed Donald
 22304 | Orc:2    | XOM: chaos upgrade
 22314 | Orc:2    | Found Kudi's Antique Armour Boutique.
 22333 | Orc:2    | Found Cyecyes's Antique Weapon Shop.
 22334 | Orc:2    | Found Ipyenloef's General Store.
 22334 | Orc:2    | Found Hebew's Jewellery Boutique.
 22358 | Orc:2    | Bought a potion of curing for 48 gold pieces
 22358 | Orc:2    | Bought a scroll of fear for 64 gold pieces
 22358 | Orc:2    | Bought a scroll of summoning for 152 gold pieces
 22369 | Orc:2    | XOM: 3-stop teleportation journey
 22381 | Orc:2    | Killed Donald
 22613 | Orc:2    | XOM: chaos cloud
 22638 | Orc:2    | Reached skill level 10 in Fighting
 22871 | D:13     | Found Xoifutt's Armour Emporium.
 22989 | D:13     | XOM: give mutations
 22989 | D:13     | Gained mutation: Your body sometimes deteriorates upon
                  | taking damage. [Xom's mischief]
 22989 | D:13     | Lost mutation: You have a somewhat thin skeletal structure.
                  | (Dex +2, Stealth+) [Xom's mischief]
 23038 | D:13     | XOM: confusion
 23062 | D:13     | XOM: scenery: 1 doors open
 23063 | D:13     | XOM: noise
 23078 | D:13     | XOM: chaos upgrade
 23173 | D:13     | XOM: scenery: 2 doors open
 23211 | D:13     | XOM: polymorph kobold brigand -> black bear
 23215 | D:13     | XOM: confusion
 23218 | D:13     | XOM: 1-stop teleportation journey
 23234 | D:13     | Gained mutation: You possess an exceptional clarity of
                  | mind. [hidden potential]
 23554 | D:13     | XOM: noise
 23697 | D:13     | Found a gate to the Vaults.
 23870 | D:13     | You are sucked into a shaft and drop 2 floors!
 23870 | D:15     | Entered Level 15 of the Dungeon
 24036 | D:15     | XOM: chaos cloud
 24056 | D:15     | Reached skill level 1 in Shields
 24140 | D:15     | XOM: swap monsters
 24200 | D:15     | XOM: summons 10 friendly demons
 24324 | D:15     | XOM: give mutations
 24324 | D:15     | Gained mutation: You are agile. (Dex +4, Str/Int -1) [Xom's
                  | grace]
 24324 | D:15     | Gained mutation: Your mind is very acute. (Int +8, Str/Dex
                  | -2) [Xom's grace]
 24324 | D:15     | Gained mutation: You are mostly covered in iridescent
                  | scales. (AC +4) [Xom's grace]
 24513 | D:15     | Found a staircase to the Depths.
 24517 | D:15     | XOM: potion effect (invisibility)
 24522 | D:15     | Reached skill level 5 in Shields
 24526 | D:15     | Noticed a fenstrider witch
 24526 | D:15     | a dire elephant changed into a fenstrider witch
 24526 | D:15     | XOM: polymorph dire elephant -> fenstrider witch
 24527 | D:15     | XOM: butterfly on damage
 24529 | D:15     | XOM: enchant monster (good)
 24530 | D:15     | XOM: enchant monster (good)
 24534 | D:15     | Killed a fenstrider witch
 24935 | D:14     | XOM: cloud trail
 24970 | D:14     | XOM: polymorph white ugly thing -> red ugly thing
 24980 | D:14     | XOM: enchant monster (good)
 24986 | D:14     | XOM: scenery: 2 doors open, 1 doors close
 25040 | D:14     | XOM: enchant monster (good)
 25044 | D:14     | XOM: summons 9 hostile demons
 25102 | D:14     | Noticed Rupert
 25105 | D:14     | XOM: confuse monster(s)
 25130 | D:14     | XOM: enchant monster (good)
 25250 | D:14     | Reached XP level 17. HP: 121/123 MP: 0/0
 25250 | D:14     | Learned a level 7 spell: Storm Form
 25515 | D:11     | XOM: give mutations
 25515 | D:11     | Gained mutation: You are completely covered in iridescent
                  | scales. (AC +6) [Xom's grace]
 25515 | D:11     | Gained mutation: You have great hidden genetic potential.
                  | [Xom's grace]
 25548 | D:10     | Bought a +4 ring of slaying for 1248 gold pieces
 25548 | D:10     | Bought a +4 ring of protection for 576 gold pieces
 25608 | Snake:1  | Entered Level 1 of the Snake Pit
 25622 | Snake:1  | XOM: summons friendly quasit
 25635 | Snake:1  | XOM: god gift: scale mail {god gift}
 25797 | Snake:1  | XOM: snakes to sticks
 25889 | Snake:1  | XOM: polymorph anaconda -> eye of devastation
 25902 | Snake:1  | XOM: god gift: plate armour {god gift}
 25910 | Snake:1  | XOM: scenery: summon butterflies
 26086 | Snake:1  | Found Qaelihux's Book Boutique.
 26086 | Snake:1  | Found Dextyn's Jewellery Shoppe.
 26086 | Snake:1  | Found Jemiluho's Book Boutique.
 26086 | Snake:1  | XOM: 7-stop teleportation journey
 26128 | Snake:1  | XOM: cast spell 'Summon Cactus Giant'
 26494 | Snake:1  | Noticed Agnes
 26501 | Snake:1  | XOM: silly message
 26503 | Snake:1  | Killed Agnes
 26532 | Snake:1  | Reached skill level 10 in Shields
 26537 | Snake:1  | Gained mutation: You have supernaturally acute eyesight.
                  | (SInv) [hidden potential]
 26537 | Snake:1  | Lost mutation: You have great hidden genetic potential.
                  | [hidden potential expressed]
 26662 | Snake:2  | XOM: noise
 26709 | Snake:2  | XOM: potion effect (curing)
 26718 | Snake:2  | Reached skill level 1 in Spellcasting
 26737 | Snake:2  | XOM: summons friendly white imp
 26757 | Snake:2  | XOM: polymorph naga -> water moccasin
 26765 | Snake:2  | XOM: scenery: create altars
 26826 | Snake:2  | XOM: summons 13 friendly demons
 27057 | Snake:2  | XOM: give mutations
 27057 | Snake:2  | Lost mutation: Your mind is very acute. (Int +8, Str/Dex
                  | -2) [Xom's mischief]
 27057 | Snake:2  | Lost mutation: You are agile. (Dex +4, Str/Int -1) [Xom's
                  | mischief]
 27057 | Snake:2  | Lost mutation: Your flesh is almost immune to the effects
                  | of heat. (rF+++) [Xom's mischief]
 27166 | Snake:2  | XOM: cast spell 'Summon Hydra'
 27239 | Snake:2  | Found a snail-covered altar of Cheibriados.
 27593 | Snake:3  | XOM: divination: magic mapping
 27596 | Snake:3  | XOM: divination: detect items
 27615 | Snake:3  | XOM: summons friendly shadow imp
 27668 | Snake:3  | XOM: enchant monster (good)
 27717 | Snake:3  | XOM: divination: detect items
 27724 | Snake:3  | XOM: confuse monster(s)
 27728 | Snake:3  | Reached skill level 5 in Spellcasting
 27903 | Snake:3  | XOM: divination: magic mapping
 27939 | Snake:3  | XOM: cleaving
 27975 | Snake:3  | XOM: cleaving
 27977 | Snake:3  | XOM: confuse monster(s)
 27988 | Snake:3  | XOM: polymorph black mamba -> meliai
 28002 | Snake:3  | XOM: confuse monster(s)
 28164 | Snake:3  | Reached XP level 18. HP: 130/130 MP: 0/0
 28200 | Snake:3  | XOM: chaos upgrade
 28309 | Snake:3  | Found Joligimp's CLEARANCE SALE!.
 28315 | Snake:3  | Bought a scroll of enchant armour for 7 gold pieces
 28482 | Snake:4  | Entered Level 4 of the Snake Pit
 28684 | Snake:4  | XOM: noise
 29062 | Snake:4  | XOM: chaos cloud
 29218 | Snake:4  | XOM: stat loss: -1 Int (17/18)
 29226 | Snake:4  | XOM: polymorph naga -> centaur
 29284 | Snake:4  | Gained mutation: Your muscles are very strong. (Str +8,
                  | Int/Dex -2) [hidden potential]
 29599 | Snake:4  | XOM: scenery: summon butterflies
 29895 | Snake:4  | Reached skill level 10 in Spellcasting
 29983 | Snake:4  | Got a serpentine rune of Zot
 30350 | Shoals:1 | Entered Level 1 of the Shoals
 30364 | Shoals:1 | XOM: destruction
 30376 | Shoals:1 | XOM: confuse monster(s)
 30496 | Shoals:1 | XOM: polymorph merfolk siren -> glowing shapeshifter
 30577 | Shoals:1 | XOM: divination: detect creatures
 30621 | Shoals:1 | XOM: polymorph sea snake -> elephant
 30627 | Shoals:1 | XOM: swap monsters
 30641 | Shoals:1 | XOM: summons friendly ufetubus
 30647 | Shoals:1 | XOM: stat loss: -1 Dex (10/11)
 30651 | Shoals:1 | XOM: scenery: create altars
 30900 | Shoals:2 | Reached XP level 19. HP: 134/135 MP: 0/0
 30900 | Shoals:2 | Learned a level 7 spell: Dragon Form
 30949 | Shoals:2 | Noticed Kirke
 31041 | Shoals:1 | Reached skill level 15 in Armour
 31086 | Shoals:2 | Found a frozen archway.
 31101 | IceCv    | Entered an ice cave
 31138 | IceCv    | Slain by a spriggan defender simulacrum

Illustrated notes

Levels and vault maps discovered:
D:1:      wheals_arrival_linesprint, layout_loops_ring,
          hellmonk_ecumenical_altar_leap_of_faith
D:2:      layout_loops_ring, minmay_misc_feat_cross
D:3:      layout_loops_ring, elyvilon_altar_3, bh_walls_and_bars,
          uniq_crazy_yiuf_cottage
D:4:      layout_loops_corners, lemuel_crystal_altar, jmf_multi_god_temple,
          minmay_unequal
D:5:      minmay_angry_zag, layout_basic, cheibrodos_sewer_entry_drain,
          grunt_ministairs_6
D:6:      layout_basic, temple_statues, serial_glass, glass_columns_b,
          glass_columns_b, gammafunk_ghost_necromancy
D:7:      layout_cave_pools, uniq_maggie
D:8:      layout_rooms, serial_shops, nicolae_shop_hallway_stairs,
          minmay_manual_mullet
D:9:      layout_roguey, kennysheep_mini_moat
D:10:     layout_rooms, due_lair_maze_entry_diamond, serial_shops, shop,
          minmay_guarded_unrand_vampires_tooth, uniq_sonja
D:11:     layout_basic, zin_academy
D:12:     layout_stronghold, serial_shops, shop
D:13:     layout_basic, hangedman_vaults_entry_quadrant_bands, serial_shops,
          shop
D:14:     layout_roguey, uniq_rupert
D:15:     hangedman_depths_entry_try_elsewhere_first, layout_small_grid
Lair:1:   layout_cave_pods, ebering_ghost_rock_garden, grunt_megastairs_1
Lair:2:   minmay_guarded_unrand_snakebite, layout_regular_city,
          guppyfry_snake_entry_island, infiniplex_staircase_pool
Lair:3:   layout_regular_city, minmay_shoals_entry_lonely_mermaid,
          gammafunk_ghost_icy, evilmike_ambush [evilmike_ambush_outer_basic,
          evilmike_ambush_inner_basic], grunt_megastairs_2
Lair:4:   nzn_winding_woodlands_three_and_one
          [nzn_winding_woodlands_5x15_pathside_ponds,
          nzn_winding_woodlands_5x15_jagged, nzn_winding_woodlands_5x15_default,
          nzn_winding_woodlands_center_lodge], layout_cave_pods, disabler_island
Lair:5:   minmay_lair_end_frog_pond, layout_gridlike, slime_entry_1,
          maelrawn_ghost_gauntlet_escape, serial_bayou_lake_a,
          infiniplex_staircase_pool_2, lemuel_fruit_tree
Shoals:1: layout_shoals
Shoals:2: cheibrodos_shoals_roost, layout_shoals,
          portal_ice_cave_entry_pillars_four, uniq_kirke
Snake:1:  layout_cave_pods, grunt_megastairs_3, minmay_shop_grove, uniq_agnes
Snake:2:  layout_concentric_octagons, basic_altar
Snake:3:  layout_onion, special_room, nicolae_shop_clearance,
          serial_bayou_shore_b, serial_bayou_shore_b
Snake:4:  minmay_snake_end_coiled, layout_layer_cave
Orc:1:    layout_diamond_mine, basic_altar, david_defended_altar_orc,
          uniq_josephine
Orc:2:    st_orc_congregation, layout_caves, basic_altar, nooodl_orcs_dogs,
          uniq_erolcha, uniq_donald
IceCv:    ice_cave_small_demon

Skill      XL: |  1  2  3  4  5  6  7  8  9 10 11 12 13 14 15 16 17 18 19 |
---------------+----------------------------------------------------------+-----
Maces & Flails | 3 4 5 6 |  6.0
Throwing       | 1 2 4 |  4.0
Fighting       | 6 8 12 | 12.3
Dodging        | 4 8 |  8.0
Evocations     | 3 |  3.7
Axes           | 6 10 12 15 17 | 17.6
Armour         | 2 13 14 15 | 15.0
Shields        | 7 10 | 10.0
Spellcasting   | 6 10 | 10.0

Action                   |  1- 3 |  4- 6 |  7- 9 | 10-12 | 13-15 | 16-18 | 19-21 || total
-------------------------+-------+-------+-------+-------+-------+-------+-------++-------
Melee: Mace              |   107 |     9 |       |       |       |       |       ||   116
       Punch             |     1 |       |       |       |       |       |       ||     1
       Dagger            |       |    16 |       |       |       |       |       ||    16
       Quarterstaff      |       |    20 |   325 |       |       |       |       ||   345
       Great mace        |       |       |    14 |     3 |       |       |       ||    17
       Broad axe         |       |       |       |   479 |  1082 |  1417 |    72 ||  3050
       Whip              |       |       |       |       |    43 |       |       ||    43
       Headbutt          |       |       |       |       |   192 |       |       ||   192
Throw: Dart              |       |       |       |    13 |       |       |       ||    13
Evoke: Wand              |       |       |     3 |    10 |    13 |     4 |     4 ||    34
       Lightning rod     |       |       |       |       |     5 |     6 |       ||    11
  Use: Scroll            |       |       |    10 |    11 |    14 |     8 |     3 ||    46
       Potion            |       |       |     2 |       |     2 |     2 |     1 ||     7
 Stab: Petrified         |     2 |       |       |       |     3 |    11 |       ||    16
       Sleeping          |     1 |     1 |     9 |     3 |     3 |       |       ||    17
       Paralysed         |     1 |       |     9 |     2 |     3 |     5 |       ||    20
       Petrifying        |       |       |     1 |       |     1 |       |       ||     2
       Confused          |       |       |       |     1 |       |     3 |       ||     4
       Invisible         |       |       |       |       |     1 |     6 |       ||     7
       Distracted        |       |       |       |       |     1 |     1 |       ||     2
Armor: Leather armour    |    35 |    15 |   216 |     4 |       |       |       ||   270
       Acid dragon scale |       |       |       |   344 |   241 |       |       ||   585
       Skin              |       |       |       |    17 |       |       |       ||    17
       Chain mail        |       |       |       |       |   162 |   358 |       ||   520
       Plate armour      |       |       |       |       |       |   401 |    43 ||   444
Dodge: Dodged            |    73 |    30 |   249 |   444 |   498 |   347 |    14 ||  1655
Block: Kite shield       |       |       |       |   300 |   653 |   697 |       ||  1650
       Reflection        |       |       |       |     1 |    16 |    48 |       ||    65
       Tower shield      |       |       |       |       |       |   462 |    73 ||   535
